 Dungeon Crawl Stone Soup version 0.30.1 (webtiles) character file.

Game seed: 17943772165549723505

226444 monsoonserge the Peltast (level 20, -11/172 (180) HPs)
             Began as a Meteoran Fighter on July 3, 2023.
             Was the Champion of Qazlal.
             Killed from afar by a deep elf knight (41 damage)
             ... with a shard of ice
             ... on level 2 of the Elven Halls on July 4, 2023.
             The game lasted 02:51:45 (15845 turns).

monsoonserge the Peltast (Meteoran Fighter)        Turns: 15845, Time: 02:51:46

HP:   -11/172 (180) AC: 48    Str: 30    XL:     20   Next: 40%
MP:   22/27         EV: 11    Int: 11    God:    Qazlal [******]
Gold: 2890          SH: 30    Dex: 19    Spells: 19/19 levels left

rFire   + + .        G - +6 morningstar (distort)
rCold   + + .        s - -1 tower shield of Cerycet {rElec rC+ Str+3}
rNeg    + . .        Q - +10 plate armour "Muoluk" {Str+2}
rPois   .            r - +4 helmet of Mutualism {+Inv rF++ Dex-2 SInv}
rElec   +            x - +2 cloak {Stlth+}
rCorr   .            F - +1 pair of gloves {Dex+3}
SInv    +            L - +0 pair of boots of Tomorrow {rElec rN+ Will- Dex+3}
Will    +....        u - amulet of regeneration Stlth
                     U - +4 ring of protection
HPRegen 1.28/turn    l - +4 ring of protection
MPRegen 0.20/turn

%: repel missiles
@: lethally poisoned (-11 -> -12), protected from cold, glowing, studying
Unarmed Combat, lightly drained
A: sense surroundings 3, otherworldly, glowing, explore regen, low MP 1, subdued
magic 1
}: 2/15 runes: decaying, gossamer
a: Renounce Religion, Evoke Invisibility, Upheaval, Elemental Force, Disaster
Area


You were on level 2 of the Elven Halls.
You worshipped Qazlal.
Qazlal was exalted by your worship.
You visited 6 branches of the dungeon, and saw 28 of its levels.
You visited the Abyss 1 time.
You also visited: Sewer, Bailey and Gauntlet.

You collected 2940 gold pieces.
You spent 50 gold pieces at shops.

Inventory:

Hand Weapons
 G - a +6 morningstar of distortion (weapon)
Missiles
 i - 2 silver javelins
 j - 2 throwing nets
 n - 8 datura-tipped darts
 z - 19 boomerangs (quivered)
 D - 17 atropa-tipped darts
 M - 30 curare-tipped darts
 T - 13 boomerangs of dispersal
 Y - 13 javelins
Armour
 r - the +4 helmet of Mutualism (worn) {+Inv rF++ Dex-2 SInv}
   (You found it in a Gauntlet)

   Dex:       It affects your dexterity (-2).
   rF:        It greatly protects you from fire.
   SInv:      It lets you see invisible.
   +Inv:      It lets you turn invisible.
 s - the -1 tower shield of Cerycet (worn) {rElec rC+ Str+3}
   (You found it in a Gauntlet)

   Str:       It affects your strength (+3).
   rC:        It protects you from cold.
   rElec:     It insulates you from electricity.
 x - a +2 cloak of stealth (worn)
 F - a +1 pair of gloves of dexterity (worn)
 L - the +0 pair of boots of Tomorrow (worn) {rElec rN+ Will- Dex+3}
   (You found it on level 1 of the Swamp)

   Dex:       It affects your dexterity (+3).
   rElec:     It insulates you from electricity.
   rN:        It protects you from negative energy.
   Will:      It decreases your willpower.
 Q - the +10 plate armour "Muoluk" (worn) {Str+2}
   (You found it in a bailey)

   Str:       It affects your strength (+2).
Jewellery
 l - a +4 ring of protection (right hand)
 u - an amulet of regeneration (around neck)
 v - a ring of resist corrosion
 K - a ring of see invisible
 R - a ring of protection from fire
 U - a +4 ring of protection (left hand)
Wands
 a - a wand of roots (17)
 w - a wand of flame (38)
 y - a wand of polymorph (9)
 J - a wand of paralysis (27)
 N - a wand of mindburst (11)
 V - a wand of quicksilver (13)
 X - a wand of digging (9)
Scrolls
 f - 6 scrolls of poison
 g - 4 scrolls of summoning
 k - a scroll of brand weapon
 m - 9 scrolls of teleportation
 p - 4 scrolls of fear
 t - 5 scrolls of silence
 A - 6 scrolls of fog
 B - 5 scrolls of blinking
 C - 4 scrolls of immolation
 E - 4 scrolls of magic mapping
 H - 8 scrolls of identify
 S - 4 scrolls of enchant armour
Potions
 b - 9 potions of curing
 c - 3 potions of flight
 d - 7 potions of might
 e - 4 potions of mutation
 h - a potion of resistance
 o - 3 potions of attraction
 q - 2 potions of berserk rage
 I - 7 potions of ambrosia
 O - 6 potions of lignification
 W - 4 potions of heal wounds
 Z - a potion of cancellation
Miscellaneous
 P - a lightning rod (4/4)


   Skills:
 * Level 15.7 Fighting
 + Level 10.3(15.7) Axes
 - Level 14.5(16.0) Maces & Flails
 - Level 13.9(15.2) Polearms
 + Level 1.2 Throwing
 * Level 15.2 Armour
 + Level 6.3 Dodging
 + Level 20.9 Shields
 + Level 1.7 Unarmed Combat
 * Level 11.9 Invocations
 * Level 10.1 Evocations


You had 19 spell levels left.
You didn't know any spells.
Your spell library contained the following spells:

 Spells                   Type           Power      Damage    Failure   Level
 Beastly Appendage        Tmut           0%         N/A       94%         1
 Kiss of Death            Conj/Necr      0%         2d5       94%         1
 Magic Dart               Conj           0%         1d3       94%         1
 Sandblast                Erth           0%         2d4       94%         1
 Summon Small Mammal      Summ           0%         N/A       94%         1
 Call Imp                 Summ           0%         N/A       98%         2
 Ensorcelled Hibernation  Hex/Ice        0%         N/A       98%         2
 Passwall                 Tmut/Erth      0%         N/A       98%         2
 Sublimation of Blood     Necr           0%         N/A       98%         2
 Wereblood                Tmut           0%         N/A       98%         2
 Call Canine Familiar     Summ           0%         N/A       100%        3
 Frozen Ramparts          Ice            0%         1d1       100%        3
 Ignite Poison            Fire/Tmut/Pois 0%         N/A       100%        3
 Mephitic Cloud           Conj/Pois/Air  0%         N/A       100%        3
 Ozocubu's Armour         Ice            0%         N/A       100%        3
 Spider Form              Tmut/Pois      0%         N/A       100%        3
 Stone Arrow              Conj/Erth      0%         3d7       100%        3
 Summon Guardian Golem    Hex/Summ       0%         N/A       100%        3
 Anguish                  Hex/Necr       0%         N/A       100%        4
 Animate Armour           Summ/Erth      0%         N/A       100%        4
 Flame Wave               Conj/Fire      0%         2d4       100%        4
 Ice Form                 Ice/Tmut       0%         N/A       100%        4
 Manifold Assault         Tloc           0%         N/A       100%        4
 Sticky Flame             Conj/Fire      0%         2d3       100%        4
 Summon Ice Beast         Ice/Summ       0%         N/A       100%        4
 Summon Lightning Spire   Summ/Air       0%         N/A       100%        4
 Blade Hands              Tmut           0%         N/A       100%        5
 Lee's Rapid Deconstruct  Erth           0%         3d4*      100%        5
 Metabolic Englaciation   Hex/Ice        0%         N/A       100%        5
 Dispersal                Tloc           0%         N/A       100%        6
 Iron Shot                Conj/Erth      0%         9d1       100%        6
 Simulacrum               Ice/Necr       0%         N/A       100%        6
 Haunt                    Necr/Summ      0%         N/A       100%        7
 Malign Gateway           Summ/Tloc      0%         N/A       100%        7
 Ozocubu's Refrigeration  Ice            0%         4d7       100%        7
 Storm Form               Tmut/Air       0%         N/A       100%        7
 Summon Hydra             Summ           0%         N/A       100%        7
 Disjunction              Tloc           0%         N/A       100%        8
 Ignition                 Fire           0%         3d3       100%        8
 Maxwell's Capacitive Co  Air            0%         ∞         100%        8
 Summon Horrible Things   Summ           0%         N/A       100%        8
 Fire Storm               Conj/Fire      0%         5d1       100%        9
 Polar Vortex             Ice            0%         N/A       100%        9


Dungeon Overview and Level Annotations

Branches:
Dungeon (10/15) Zot: 766   Temple (0/1) D:4            Lair (5/5) D:8 Zot: 52
  Swamp (4/4) Lair:3 Zot: 48  Spider (4/4) Lair:2 Zot: 65     Orc (2/2) D:10 Zot: 463
    Elf (3/3) Orc:2 Zot: 688   Sewer (visited)          Bailey (visited)
Gauntlet (visited)
  Slime: Lair:4-5

Altars:
Cheibriados
Hepliaklqana
Kikubaaqudgha
Qazlal
Vehumet
Yredelemnul
The Shining One
Lugonu

Shops:
Orc:2 =*[(

Portals:
Abyss: Lair:5


Innate Abilities, Weirdness & Mutations

You passively map a large area around you.
You are easily found by Zot.
You glow in the dark.
You regain HP and MP as you explore.
Your magical capacity is low. (-10% MP)
Your spells are a little easier to cast, but a little less powerful.


Message History

The stunning burst hits the +3 battleaxe of draining.
The +3 battleaxe of draining completely resists.
The stunning burst hits the +3 dire flail of venom.
The +3 dire flail of venom completely resists.
The stunning burst hits the deep elf pyromancer!
The deep elf pyromancer is paralysed.
You see here a +1 vampiric trident.
Unknown command.
Unknown command.
Press: ? - help, v - describe, . - travel
Here: a deep elf knight, wielding a +0 short sword and wearing a +0 buckler (moderately wounded, fast)
The floor.
Press: ? - help, v - describe, . - travel, g - get item
Items here: a +0 scimitar; a +0 chain mail; an elf corpse.
An open translucent gate, spattered with blood.
You hammer the +3 dire flail of venom like a gong!!!
The +3 dire flail of venom falls from the air.
Qazlal accepts your kill.
You feel sick.
The deep elf pyromancer is no longer paralysed.
The +3 battleaxe of draining is engulfed in freezing vapours.
You block the +3 battleaxe of draining's attack.
The +3 battleaxe of draining hits your fire elemental!!
The fire elemental hits you. The fire elemental burns you! You resist.
* * * LOW HITPOINT WARNING * * *
Your fire elemental closely misses the deep elf knight.
Your fire elemental hits the +3 battleaxe of draining.
The fire elemental completely misses your fire elemental.
You hit the +3 battleaxe of draining.
Space warps horribly around the +3 battleaxe of draining!!
The +3 battleaxe of draining falls from the air.
Qazlal accepts your kill.
You feel sick.
Your air elemental barely misses the fire elemental.
Your air elemental hits the fire elemental but does no damage.
The deep elf knight gestures at you while chanting.
The shard of ice hits you!!! You partially resist.
Your resistance to physical damage fades away.
You feel protected from cold.
You die...

, ............e.. ,, *
, ,................, ,
* , , ,
................ , , ,
, ,,,,........°.......
.....○.○......# * ,, ,
, .....§○E.....# , * ,
.....°EEe§☼# ** *
.....EEE°°e####### ,
,......)§@)○).....## *
......E)##.....⌠..##
......○.##...).....## ,
*
,.......###..........##
,, ......#
#....).)....## ,
,...... #.⌠..).).....#
, ......**
#......).....# , ....
##..........⌠# ,
##..........#


You could see a deep elf knight (fast, ally target), a deep elf pyromancer, 2
fire elementals, a friendly earth elemental (summoned), 2 friendly fire
elementals and 2 friendly air elementals.

Vanquished Creatures
  Nikola (Spider:1)
  A deep elf blademaster (Elf:3)
  Gastronok (D:10)
  The ghost of chickenninja42 the Slayer, an adept MiBe of Trog (Swamp:1)
  A deep elf master archer (Elf:3)
  Kirke (Elf:1)
  A thorn hunter (Swamp:4)
  The ghost of booth the Fighter, an adept DsGl of Okawaru (Swamp:1)
  Donald (Spider:4)
  2 ghost moths (Spider:4)
  Louise (Spider:2)
  2 deep elf sorcerers
  8 emperor scorpions
  The ghost of AgateBread the Protected, a journeyman MiHu of Okawaru (Swamp:1)
  A ghoul (Elf:1)
  3 deep elf elementalists
  A deep elf demonologist (Elf:3)
  4 bunyips
  A deep elf annihilator (Elf:3)
  An eleionoma (Swamp:1)
  A minotaur (Gauntlet)
  A blizzard demon (Abyss:2)
  2 deep elf death magi
  A deep elf high priest (Elf:3)
  A jiangshi (Elf:1)
  A shambling mangrove (Swamp:4)
  An entropy weaver (Spider:2)
  The ghost of Fodor the Severer, a journeyman MiFi of Gozag (Swamp:1)
  10 hydras
  A spriggan air mage (Swamp:3)
  2 ghost crabs
  3 radroaches
  4 catoblepae
  A boulder beetle (Spider:3)
  A two-headed ogre (D:10)
  7 death yaks
  14 alligators
  2 vampire magi
  A death scarab (Spider:4)
  2 orc high priests (Orc:2)
  3 thrashing horrors
  20 dancing weapons
  6 deep elf knights
  Amaemon (D:8)
  A soul eater (Gauntlet)
  3 skysharks
  A wretched star (Abyss:2)
  A spectral catoblepas (Lair:3)
  3 pharaoh ants
  3 elf simulacra (Elf:1)
  2 goliath frogs
  2 spriggan druids (Swamp:3)
  A skeletal warrior (Elf:1)
  9 swamp dragons
  A glowing orange brain (shapeshifter) (Lair:5)
  2 bog bodies (Swamp:1)
  2 steelbarb worms
  10 orb spiders
  6 deep elf archers
  6 lindwurms
  The ghost of middlethird the Thaumaturge, a novice VSAE of Cheibriados (D:8)
  3 orc knights (Orc:2)
  10 deep elf pyromancers
  12 wolf spiders
  17 deep elf zephyrmancers
  A phantasmal warrior (Elf:1)
  A cyclops (Orc:1)
  5 will-o-the-wisps
  11 elephants
  7 orc sorcerers
  3 moths of wrath
  An ugly thing (D:10)
  4 black mambas
  Maurice (D:8)
  A black mamba (shapeshifter) (Lair:5)
  3 spectral elves (Elf:1)
  7 demonic crawlers
  5 torpor snails
  An orange demon (D:8)
  10 cane toads
  4 smoke demons
  2 rime drakes (Lair:5)
  An unseen horror (D:6)
  An unseen horror (shapeshifter) (Lair:5)
  Psyche (D:8)
  An efreet (Abyss:2)
  10 komodo dragons
  3 ancient zymes
  A troll (Orc:2)
  17 tarantellas
  3 meliai (Gauntlet)
  Grinder (D:6)
  18 tyrant leeches
  11 hornets
  A spectral dream sheep (Lair:3)
  16 blink frogs
  A raiju (shapeshifter) (Elf:3)
  A spectral black mamba (Lair:3)
  9 spriggans
  A wraith (D:8)
  28 jumping spiders
  37 yaks
  12 culicivoras
  3 wyverns
  A vampire (D:10)
  A water elemental (Elf:1)
  4 air elementals
  2 hogs (Elf:1)
  A human (shapeshifter) (D:8)
  5 basilisks
  3 chaos spawn (Lair:5)
  2 fire elementals
  41 redbacks
  4 steam dragons
  2 neqoxecs (Abyss:2)
  Menkaure (D:5)
  11 small abominations
  4 large abominations (Lair:5)
  A spectral cane toad (Lair:3)
  5 vampire mosquitoes
  18 swamp worms
  3 wargs
  3 acid dragons
  11 water moccasins
  35 orc warriors
  2 swamp drakes (Swamp:4)
  An ice beast (D:6)
  3 spectral blink frogs (Lair:3)
  4 black bears
  2 sky beasts
  25 wolves
  3 ogres
  A phantom (D:6)
  3 centaurs
  14 kobold brigands
  4 bullfrogs
  2 earth elementals
  A gnoll sergeant (D:10)
  4 scorpions
  3 wights
  8 killer bees
  5 electric eels
  4 howler monkeys
  7 jellies
  40 orc priests
  A gnoll bouda (D:4)
  4 hounds
  3 iguanas
  2 sleepcaps
  26 orc wizards
  11 adders
  A gnoll (shapeshifter) (Lair:5)
  10 gnolls
  2 river rats (Sewer)
  4 shadow imps
  3 white imps
  2 ufetubi
  A worm (D:6)
  101 orcs
  14 ball pythons
  4 endoplasms
  2 giant cockroaches (D:2)
  9 goblins
  4 hobgoblins
  4 jackals
  44 kobolds
  6 quokkas
  4 bats
  2 frilled lizards
  A goblin (shapeshifter) (Lair:5)
  5 rats
  A lurking horror (Abyss:2)
1026 creatures vanquished.

Vanquished Creatures (collateral kills)
  A deep elf knight (Elf:2)
1 creature vanquished.

Vanquished Creatures (others)
  A thorn hunter (Swamp:4)
  A hydra (Swamp:4)
  A dancing weapon (Elf:2)
  A deep elf knight (Elf:2)
  An orb spider (Spider:4)
  A wretched star (Abyss:2)
  A shadow wraith (Elf:1)
  A swamp dragon (Swamp:4)
  A deep elf pyromancer (Elf:2)
  6 bloated husks
  A hornet (Swamp:3)
  A human (Elf:1)
  A swamp worm (Swamp:4)
  A swamp drake (Swamp:1)
  An orc warrior (Orc:2)
  An elf simulacrum (Elf:2)
  34 foxfires
  A lost soul (Elf:1)
56 creatures vanquished.

Grand Total: 1083 creatures vanquished

Notes
Turn   | Place    | Note
-------+----------+-------------------------------------------
     0 | D:1      | monsoonserge the Meteoran Fighter began the quest for the
                  | Orb.
     0 | D:1      | Reached XP level 1. HP: 19/19 MP: 2/2
   115 | D:1      | You fall into a shaft and drop 1 floor!
   257 | D:1      | Reached XP level 2. HP: 24/26 MP: 3/3
   519 | D:2      | Found a stormy altar of Qazlal.
   529 | D:2      | Reached skill level 1 in Dodging
   529 | D:2      | Reached skill level 4 in Shields
   529 | D:2      | Reached XP level 3. HP: 31/31 MP: 4/4
   534 | D:2      | Became a worshipper of Qazlal Stormbringer
   649 | D:2      | Reached skill level 1 in Maces & Flails
   649 | D:2      | Reached XP level 4. HP: 40/40 MP: 5/5
   707 | D:2      | Reached * piety under Qazlal
   990 | D:3      | Reached XP level 5. HP: 46/46 MP: 6/6
  1090 | D:3      | Found an ancient bone altar of Kikubaaqudgha.
  1322 | D:3      | Reached ** piety under Qazlal
  1323 | D:3      | Reached XP level 6. HP: 11/52 MP: 7/7
  1449 | D:3      | Reached skill level 1 in Invocations
  1449 | D:3      | Reached XP level 7. HP: 59/59 MP: 8/8
  1565 | D:4      | Found a staircase to the Ecumenical Temple.
  1652 | D:4      | Reached skill level 5 in Maces & Flails
  1652 | D:4      | Reached skill level 5 in Shields
  1714 | D:5      | Entered Level 5 of the Dungeon
  1723 | D:5      | Found a snail-covered altar of Cheibriados.
  1793 | D:5      | Noticed Menkaure
  1802 | D:5      | Killed Menkaure
  1803 | D:5      | Reached skill level 5 in Armour
  2053 | D:5      | Reached XP level 8. HP: 57/67 MP: 11/11
  2179 | D:5      | Found a radiant altar of Vehumet.
  2242 | D:6      | Found a glowing drain.
  2261 | Sewer    | Entered a sewer
  2329 | Sewer    | Reached *** piety under Qazlal
  2369 | Sewer    | Found a white marble altar of Elyvilon.
  2501 | D:5      | Reached skill level 6 in Shields
  2520 | D:6      | Gained mutation: You passively map the area around you.
                  | [Meteoran growth]
  2520 | D:6      | Reached XP level 9. HP: 43/72 MP: 13/13
  2530 | D:6      | Reached skill level 5 in Fighting
  2595 | D:6      | Killed an unseen horror
  2707 | D:6      | Reached skill level 5 in Axes
  2737 | D:6      | Noticed Grinder
  2747 | D:6      | Killed Grinder
  2748 | D:6      | Reached XP level 10. HP: 81/84 MP: 14/14
  2792 | D:6      | Found a glowing golden altar of the Shining One.
  2794 | D:6      | Noticed an angel
  2800 | D:6      | Found a basalt altar of Yredelemnul.
  2802 | D:6      | Noticed a profane servitor
  2887 | D:6      | Reached **** piety under Qazlal
  3154 | D:8      | Noticed Psyche
  3212 | D:8      | Noticed Maurice
  3221 | D:8      | Killed Maurice
  3222 | D:8      | Reached skill level 7 in Shields
  3222 | D:8      | Reached skill level 5 in Invocations
  3246 | D:8      | Killed Psyche
  3247 | D:8      | Reached skill level 1 in Throwing
  3273 | D:8      | Noticed a catoblepas
  3296 | D:8      | Killed a catoblepas
  3297 | D:8      | Reached skill level 1 in Unarmed Combat
  3297 | D:8      | Reached XP level 11. HP: 13/92 MP: 4/16
  3383 | D:8      | Noticed Amaemon
  3422 | D:8      | Killed Amaemon
  3423 | D:8      | Reached skill level 8 in Shields
  3432 | D:8      | Noticed middlethird's ghost (novice VSAE)
  3437 | D:8      | Noticed a shock serpent
  3452 | D:8      | Found a transporter.
  3460 | D:8      | a shock serpent changed into a cyclops
  3460 | D:8      | Noticed a cyclops (shapeshifter)
  3466 | D:8      | Found a transporter.
  3470 | D:8      | a cyclops changed into a guardian serpent
  3470 | D:8      | Noticed a guardian serpent (shapeshifter)
  3503 | D:8      | Found a staircase to the Lair.
  3766 | D:9      | Found a flagged portal.
  3776 | Bailey   | Entered a bailey
  3904 | Bailey   | Found a bloodstained altar of Trog.
  3910 | Bailey   | Identified the +10 plate armour "Muoluk" {Str+2}
  4014 | D:9      | Got Keis's Volume of the Energetic Quake
  4084 | D:9      | Reached skill level 10 in Axes
  4144 | D:9      | Reached skill level 1 in Evocations
  4164 | D:9      | Found a hazy altar of Hepliaklqana.
  4585 | D:9      | Reached XP level 12. HP: 103/103 MP: 18/18
  4592 | D:10     | Entered Level 10 of the Dungeon
  4757 | D:10     | Noticed a two-headed ogre
  4771 | D:10     | Killed a two-headed ogre
  4772 | D:10     | Reached skill level 1 in Polearms
  4952 | D:10     | Found a staircase to the Orcish Mines.
  5012 | D:10     | Noticed Gastronok
  5042 | D:10     | Killed Gastronok
  5158 | Lair:1   | Entered Level 1 of the Lair of Beasts
  5259 | Lair:1   | Reached skill level 5 in Polearms
  5259 | Lair:1   | Reached skill level 10 in Armour
  5267 | Lair:1   | Reached skill level 5 in Evocations
  5423 | Lair:1   | Reached XP level 13. HP: 88/111 MP: 19/19
  5476 | Lair:1   | Reached ***** piety under Qazlal
  5682 | Lair:1   | Glimpsed the power of Zot.
  5754 | Lair:2   | Reached skill level 10 in Polearms
  6005 | Lair:2   | Reached skill level 9 in Shields
  6009 | Lair:2   | Found a hole to the Spider Nest.
  6096 | Lair:3   | Noticed a catoblepas
  6115 | Lair:2   | Killed a catoblepas
  6116 | Lair:2   | Reached skill level 10 in Fighting
  6740 | Lair:4   | Reached XP level 14. HP: 122/122 MP: 21/21
  6891 | Lair:4   | Found a gate leading to a gauntlet.
  6908 | Gauntlet | Entered a Gauntlet
  6908 | Gauntlet | Found a transporter.
  6920 | Gauntlet | Found a transporter.
  6922 | Gauntlet | Found a transporter.
  6935 | Gauntlet | Found a transporter.
  6945 | Gauntlet | Found a transporter.
  6947 | Gauntlet | Found a large runed translucent door.
  6947 | Gauntlet | Found a large runed translucent door.
  6948 | Gauntlet | Found a large runed translucent door.
  6948 | Gauntlet | Found a large runed translucent door.
  6949 | Gauntlet | Found a large runed translucent door.
  6949 | Gauntlet | Found a large runed translucent door.
  6949 | Gauntlet | Found a runed translucent door.
  6949 | Gauntlet | Found a runed translucent door.
  6949 | Gauntlet | Found a large runed translucent door.
  6949 | Gauntlet | Found a large runed translucent door.
  6950 | Gauntlet | Found a large runed translucent door.
  6950 | Gauntlet | Found a large runed translucent door.
  6951 | Gauntlet | Found a transporter.
  6966 | Gauntlet | Found a transporter.
  6981 | Gauntlet | Found a large runed translucent door.
  6982 | Gauntlet | Found a large runed translucent door.
  6983 | Gauntlet | Found a large runed translucent door.
  6984 | Gauntlet | Found a runed translucent gate.
  6985 | Gauntlet | Found a transporter.
  6985 | Gauntlet | Found a runed translucent gate.
  6986 | Gauntlet | Found a runed translucent gate.
  6987 | Gauntlet | Found a large runed translucent door.
  6988 | Gauntlet | Found a large runed translucent door.
  6989 | Gauntlet | Found a large runed translucent door.
  6995 | Gauntlet | Noticed a green death
  6997 | Gauntlet | Found a transporter.
  7009 | Gauntlet | Found a transporter.
  7021 | Gauntlet | Found a transporter.
  7024 | Gauntlet | Noticed a green death
  7028 | Gauntlet | Found a transporter.
  7028 | Gauntlet | Found a transporter.
  7043 | Gauntlet | Found a transporter.
  7060 | Gauntlet | Found a transporter.
  7079 | Gauntlet | Found a transporter.
  7119 | Gauntlet | Found a transporter.
  7145 | Gauntlet | Found a transporter.
  7184 | Gauntlet | Identified the +1 kite shield of Inviolability {Dex+4}
  7271 | Gauntlet | Identified the ring of Amuclu Limul {Ice Slay+4}
  7288 | Gauntlet | Noticed a minotaur
  7305 | Gauntlet | Killed a minotaur
  7309 | Gauntlet | Identified the +4 helmet of Mutualism {+Inv rF++ Dex-2
                  | SInv}
  7310 | Gauntlet | Got the Folio of Assembled Gloom
  7329 | Gauntlet | Identified the -1 tower shield of Cerycet {rElec rC+ Str+3}
  7378 | Lair:5   | Entered Level 5 of the Lair of Beasts
  7624 | Lair:5   | Reached skill level 10 in Invocations
  7764 | Lair:5   | Identified the +3 flail of Bouf {protect, Int+4}
  7792 | Lair:5   | Reached XP level 15. HP: 129/130 MP: 23/23
  7812 | Lair:5   | Found a corrupted altar of Lugonu.
  7812 | Lair:5   | Found a one-way gate to the infinite horrors of the Abyss.
  7828 | Lair:5   | Identified the +2 leather armour of Sif Muna, Riding
                  | {Regen+ rCorr MP+9 Dex+2}
  7833 | Lair:5   | Voluntarily entered the Abyss.
  7873 | Abyss:2  | Gained mutation: Your magical capacity is low. (-10% MP) [a
                  | neqoxec]
  7876 | Abyss:2  | Gained mutation: Your spells are a little easier to cast,
                  | but a little less powerful. [a neqoxec]
  7879 | Abyss:2  | Noticed a cyan very ugly thing
  7880 | Abyss:2  | Noticed a cyan very ugly thing
  7881 | Abyss:2  | Noticed a cyan very ugly thing
  7889 | Abyss:2  | Noticed a hellephant
  8075 | Abyss:2  | Noticed a tentacled monstrosity
  8097 | Abyss:3  | Noticed a reaper
  8102 | Lair:5   | Escaped the Abyss
  8290 | Lair:5   | Reached skill level 10 in Shields
  8300 | Lair:5   | Reached skill level 10 in Maces & Flails
  8573 | Lair:3   | Found a staircase to the Swamp.
  8585 | Swamp:1  | Entered Level 1 of the Swamp
  8789 | Swamp:1  | Found a runed translucent gate.
  8790 | Swamp:1  | Found a runed translucent gate.
  8791 | Swamp:1  | Found a runed translucent gate.
  8791 | Swamp:1  | Noticed chickenninja42's ghost (adept MiBe)
  8793 | Swamp:1  | Noticed AgateBread's ghost (journeyman MiHu)
  8793 | Swamp:1  | Noticed Fodor's ghost (journeyman MiFi)
  8794 | Swamp:1  | Noticed booth's ghost (adept DsGl)
  8887 | Swamp:1  | Reached skill level 11 in Shields
  8950 | Swamp:1  | Reached XP level 16. HP: 90/139 MP: 22/22
  9174 | Swamp:2  | Reached ****** piety under Qazlal
  9302 | Swamp:3  | Reached skill level 12 in Shields
  9364 | Swamp:2  | Found a radiant altar of Vehumet.
  9710 | Swamp:4  | Entered Level 4 of the Swamp
  9871 | Swamp:4  | Noticed a thorn hunter
  9874 | Swamp:4  | Reached skill level 13 in Shields
  9885 | Swamp:4  | Killed a thorn hunter
  9996 | Swamp:4  | Reached skill level 5 in Dodging
 10021 | Swamp:4  | Reached skill level 14 in Shields
 10021 | Swamp:4  | Reached XP level 17. HP: 54/148 MP: 23/23
 10103 | Swamp:4  | Noticed a thorn hunter
 10163 | Swamp:4  | Killed a thorn hunter
 10303 | Swamp:4  | Got a decaying rune of Zot
 10660 | Swamp:2  | Reached skill level 15 in Shields
 10815 | Swamp:1  | Killed Fodor's ghost
 10829 | Swamp:1  | Killed chickenninja42's ghost
 10840 | Swamp:1  | Killed booth's ghost
 10866 | Swamp:1  | Killed AgateBread's ghost
 10877 | Swamp:1  | Identified the +0 pair of boots of Tomorrow {rElec rN+
                  | Will- Dex+3}
 10947 | Swamp:1  | Glimpsed the power of Zot.
 10993 | Swamp:1  | Glimpsed the power of Zot.
 11069 | Spider:1 | Entered Level 1 of the Spider Nest
 11197 | Spider:1 | Noticed Nikola
 11233 | Spider:1 | Killed Nikola
 11594 | Spider:1 | Reached skill level 16 in Shields
 11600 | Spider:1 | Glimpsed the power of Zot.
 11872 | Spider:2 | Noticed Louise
 11906 | Spider:2 | Killed Louise
 12065 | Spider:3 | Reached skill level 17 in Shields
 12065 | Spider:3 | Gained mutation: You passively map a large area around you.
                  | [Meteoran growth]
 12065 | Spider:3 | Reached XP level 18. HP: 159/159 MP: 24/24
 12396 | Spider:4 | Entered Level 4 of the Spider Nest
 12557 | Spider:3 | Reached skill level 18 in Shields
 12812 | Spider:4 | Noticed Donald
 12817 | Spider:4 | Killed Donald
 12980 | Spider:4 | Got a gossamer rune of Zot
 13461 | Spider:1 | Glimpsed the power of Zot.
 13569 | Lair:1   | Glimpsed the power of Zot.
 13648 | D:8      | Killed middlethird's ghost
 13865 | Orc:1    | Entered Level 1 of the Orcish Mines
 14010 | Orc:2    | Entered Level 2 of the Orcish Mines
 14078 | Orc:2    | Reached XP level 19. HP: 127/167 MP: 25/25
 14079 | Orc:2    | Reached skill level 19 in Shields
 14315 | Orc:2    | Found a staircase to the Elven Halls.
 14347 | Orc:2    | Paralysed by an orc sorcerer for 5 turns
 14376 | Orc:2    | Found Iguve's General Store.
 14377 | Orc:2    | Found Heish's Jewellery Boutique.
 14378 | Orc:2    | Found Zejof's Antique Armour Shop.
 14378 | Orc:2    | Found Diraz's Antique Weapon Shop.
 14392 | Orc:2    | Bought 4 datura-tipped darts for 50 gold pieces
 14651 | Elf:1    | Entered Level 1 of the Elven Halls
 14768 | Elf:1    | Noticed Kirke
 14792 | Elf:1    | Killed Kirke
 15153 | Elf:2    | Reached skill level 20 in Shields
 15184 | Elf:2    | Paralysed by an air elemental for 1 turns
 15253 | Elf:2    | Paralysed by an air elemental for 1 turns
 15353 | Elf:2    | Reached skill level 15 in Fighting
 15358 | Elf:2    | Paralysed by an orc sorcerer for 5 turns
 15435 | Elf:3    | Entered Level 3 of the Elven Halls
 15613 | Elf:3    | Noticed a deep elf master archer
 15627 | Elf:3    | Killed a deep elf master archer
 15631 | Elf:3    | Reached skill level 15 in Armour
 15643 | Elf:3    | Noticed a deep elf blademaster
 15655 | Elf:3    | Reached XP level 20. HP: 113/178 MP: 17/26
 15672 | Elf:3    | HP: 8/177 [deep elf death mage/bolt of negative energy (5)]
 15745 | Elf:2    | Found a runed translucent gate.
 15746 | Elf:2    | Found a runed translucent gate.
 15746 | Elf:2    | Found a runed translucent gate.
 15787 | Elf:2    | Reached skill level 10 in Evocations
 15845 | Elf:2    | Killed from afar by a deep elf knight

Illustrated notes

Levels and vault maps discovered:
D:1:      matt_arrival_spirals, layout_loops_ring
D:2:      layout_rooms, basic_altar, kennysheep_flooded_box,
          minmay_misc_feat_enclosed, minmay_joined_circles
D:3:      layout_basic, mainiacjoe_overflow_surrounded_room
D:4:      layout_rooms, minmay_temple_entry_mist, hangedman_abyss_or_decor_slice
D:5:      layout_cave_pods, mainiacjoe_overflow_six_doors_small,
          mainiacjoe_overflow_small_starburst, minivault_26, uniq_menkaure
D:6:      layout_cave_pools, grunt_temple_overflow_holy_war,
          cheibrodos_sewer_entry_sluice, minmay_puff, uniq_grinder
D:7:      layout_cave_pods
D:8:      layout_rooms, dpeg_oklobed_lair, gammafunk_ghost_arena,
          minmay_manual_mess, uniq_maurice, uniq_amaemon, uniq_psyche
D:9:      layout_stronghold, mainiacjoe_overflow_tiny_flanked, enter_bailey_7,
          minmay_misc_feat_square
D:10:     layout_loops_ring, david_orc_1_choice, uniq_gastronok
Lair:1:   layout_cave_pods, chequers_serial_rivers_room_b, serial_bayou_ford_a,
          st_stairs_6, grunt_megastairs_1
Lair:2:   layout_regular_city, spider_nest_entry_funnel_web,
          infiniplex_staircase_pool
Lair:3:   layout_regular_city, nicolae_swamp_entry_spooky
Lair:4:   layout_gridlike, minmay_slime_entry_oklob_open,
          gauntlet_entry_generic, nicolae_quartered_pool_medium, st_stairs_3
Lair:5:   hellmonk_lair_end_abyssal_woods, layout_regular_city, st_stairs_9,
          chequers_serial_rivers_small_3, nicolae_lair_lindhole
Swamp:1:  layout_falls_marsh, gammafunk_ghost_cemetery,
          nicolae_swamp_very_dense_foliage
Swamp:2:  layout_falls_marsh, evilmike_swamp_ruin_house_3, swamp_pool1,
          lemuel_altar_in_water, worms_lemuel
Swamp:3:  layout_basic_swamp, evilmike_swamp_ruin_house_5
Swamp:4:  swamp_alternative, layout_basic_swamp, swamp_pool1,
          cheibrodos_swamp_pet_leeches, infiniplex_staircase_pool_2
Spider:1: layout_spider_delve, uniq_nikola
Spider:2: nicolae_spider_mines_1, uniq_louise
Spider:3: layout_spider_delve
Spider:4: grunt_spider_rune_circles, drop_trap, nicolae_spider_spiderdrome,
          uniq_donald
Orc:1:    layout_caves, basic_altar
Orc:2:    st_orc_congregation, layout_caves, basic_altar
Elf:1:    layout_loops_corners, evilmike_minifort, nicolae_elf_deep_mausoleum,
          uniq_kirke
Elf:2:    nicolae_elf_blades_crystal_corner, layout_geoelf_grid
Elf:3:    grunt_elf_hall_branching, layout_geoelf_octagon, minmay_shop_star

Skill      XL: |  1  2  3  4  5  6  7  8  9 10 11 12 13 14 15 16 17 18 19 20 |
---------------+-------------------------------------------------------------+-----
Armour         | 4 5 6 7 9 10 11 12 13 14 15 | 15.2
Dodging        | 1 2 3 4 5 6 |  6.3
Shields        | 4 5 6 7 8 9 11 14 17 18 20 | 20.9
Maces & Flails | 1 2 3 4 6 7 8 11 12 14 | 14.5
Fighting       | 4 6 7 8 9 10 11 12 13 14 15 | 15.7
Invocations    | 1 3 4 6 7 8 10 11 | 11.9
Axes           | 6 8 10 | 10.3
Throwing       | 1 |  1.2
Unarmed Combat | 1 |  1.7
Evocations     | 3 5 6 9 10 | 10.1
Polearms       | 8 11 13 | 13.9

Action                     |  1- 3 |  4- 6 |  7- 9 | 10-12 | 13-15 | 16-18 | 19-21 || total
---------------------------+-------+-------+-------+-------+-------+-------+-------++-------
  Melee: War axe           |    35 |       |       |       |       |       |       ||    35
         Mace              |    39 |   156 |   122 |       |       |       |       ||   317
         Battleaxe         |       |       |    42 |       |       |       |       ||    42
         Hand axe          |       |       |    22 |   279 |       |       |       ||   301
         Unarmed           |       |       |       |    19 |       |       |       ||    19
         Trident           |       |       |       |   238 |   718 |       |       ||   956
         Flail             |       |       |       |       |   397 |   995 |       ||  1392
         Morningstar       |       |       |       |       |       |   422 |   537 ||   959
  Throw: Boomerang         |       |       |     4 |     3 |       |     5 |       ||    12
         Dart              |       |       |       |     1 |       |       |       ||     1
 Invoke: Upheaval          |       |       |       |    14 |    11 |    19 |     4 ||    48
         Disaster Area     |       |       |       |       |       |       |     2 ||     2
         Elemental Force   |       |       |       |       |       |       |     1 ||     1
  Evoke: Lightning rod     |       |       |       |       |     3 |    11 |       ||    14
         Wand              |       |       |       |       |     1 |     4 |       ||     5
    Use: Potion            |       |       |     1 |     5 |       |     1 |     2 ||     9
         Scroll            |       |       |    12 |     6 |     7 |     7 |     3 ||    35
   Stab: Confused          |       |       |       |     2 |       |       |       ||     2
         Petrified         |       |       |       |       |    10 |       |       ||    10
 Armour: Scale mail        |    47 |    21 |       |       |       |       |       ||    68
         Plate armour      |       |    75 |   144 |   254 |   556 |  1035 |   266 ||  2330
         Skin              |       |       |       |     4 |       |       |       ||     4
  Dodge: Dodged            |    34 |    34 |    46 |   109 |   193 |   407 |    96 ||   919
         Repelled          |       |       |       |     1 |     4 |     7 |     9 ||    21
  Block: Buckler           |    30 |     4 |       |       |       |       |       ||    34
         Kite shield       |       |    87 |   136 |   500 |   368 |       |       ||  1091
         Other             |       |       |    10 |     1 |       |       |       ||    11
         Tower shield      |       |       |       |       |   682 |  2265 |   697 ||  3644
